 Dungeon Crawl Stone Soup version 0.21.1-1-g345015f (webtiles) character file.

113 gloomy the Skirmisher (level 4, -1/37 HPs)
             Began as a Demonspawn Berserker on May 3, 2018.
             Was a Believer of Trog.
             Killed by divine providence
             ... invoked by an orc priest
              (15 damage)
             ... on level 3 of the Dungeon.
             The game lasted 00:12:55 (1789 turns).

gloomy the Skirmisher (Demonspawn Berserker)        Turns: 1789, Time: 00:12:55

Health: -1/37      AC:  5    Str: 18    XL:     4   Next: 65%
Magic:  4/4        EV: 12    Int:  8    God:    Trog [**....]
Gold:   115        SH:  0    Dex: 13    Spells: 3/3 levels left

rFire    + . .     SeeInvis .   a - +0 falchion
rCold    . . .     Gourm    .   (no shield)
rNeg     . . .     Faith    .   p - +2 leather armour {rF+}
rPois    .         Spirit   .   (helmet restricted)
rElec    .         Reflect  .   (no cloak)
rCorr    .         Harm     .   (no gloves)
MR       .....                  (no boots)
Stlth    +.........             (no amulet)
HPRegen  0.12/turn              (no ring)
MPRegen  0.09/turn              (no ring)

@: no status effects
A: antennae 2
a: Berserk, Trog's Hand, Burn Spellbooks, Renounce Religion


You were on level 3 of the Dungeon.
You worshipped Trog.
Trog was pleased with you.
You were not hungry.

You visited 1 branch of the dungeon, and saw 3 of its levels.

You collected 115 gold pieces.

Inventory:

Hand Weapons
 a - a +0 falchion (weapon)
 o - a +0 flail
Missiles
 e - 36 arrows
 i - 121 stones
 k - 18 poisoned needles (quivered)
 l - 7 curare-tipped needles
Armour
 b - a +0 animal skin
 h - a +0 scale mail
 j - a +0 leather armour
 n - a +0 ring mail
 p - a +2 leather armour of fire resistance (worn)
Scrolls
 d - a scroll of teleportation
 f - 2 scrolls of magic mapping
 m - a scroll of identify
Potions
 q - a potion of flight
Comestibles
 c - 4 rations
 g - 11 chunks of flesh


   Skills:
 + Level 3.7 Fighting
 + Level 3.7 Long Blades
 + Level 2.5 Armour
 + Level 2.3 Dodging
 + Level 0.2 Stealth


You had 3 spell levels left.
You didn't know any spells.

Dungeon Overview and Level Annotations

Branches:
Dungeon (3/15)

Altars:


Innate Abilities, Weirdness & Mutations

You have a pair of antennae on your head.


Message History

You slash the howler monkey skeleton!
The howler monkey skeleton is almost destroyed.
The orc priest mumbles some strange prayers to Beogh against you.
Beogh smites you!
The howler monkey skeleton hits you but does no damage.
You hit the howler monkey skeleton.
You destroy the howler monkey skeleton!
Trog accepts your kill.
The orc throws a poisoned tomahawk.
The poisoned tomahawk misses you.
Things that are here:
a ball python skeleton; an orc skeleton The orc priest looks encouraged for a moment.
The kobold hits you.
The kobold no longer looks unusually strong.
Things that are here:
a club x2
There is an escape hatch in the ceiling here.
The orc priest calls down the wrath of Beogh upon you.
Beogh smites you!
You die...

### ###..
########################....
#...oo.o)K.@................
#.##############.#######..##
#..<# #.# #..#. #####.###
#.# #.)#. #.....# #.# #..#'
#.###o# #.# #.... #.# #.#
#####.... #(# # #.#
#....รท... #.##.####
#.#######


You could see an orc priest, 2 orcs and a kobold.

Vanquished Creatures
  A howler monkey skeleton (D:3)
  6 adders
  2 dart slugs
  A leopard gecko (D:1)
  2 orcs (D:3)
  3 ball pythons
  2 giant cockroaches
  4 goblins
  5 hobgoblins
  6 kobolds
  5 bats
  5 frilled lizards
  A leopard gecko zombie (D:2)
  5 rats
  A plant (D:1)
49 creatures vanquished.

Notes
Turn   | Place    | Note
-------+----------+-------------------------------------------
     0 | D:1      | gloomy the Demonspawn Berserker began the quest for the Orb.
     0 | D:1      | Reached XP level 1. HP: 18/18 MP: 1/1
   254 | D:1      | Gained mutation: You have a pair of small antennae on your head. [demonic ancestry]
   254 | D:1      | Reached XP level 2. HP: 13/24 MP: 2/2
   776 | D:2      | Reached ** piety under Trog
   829 | D:2      | Gained mutation: You have a pair of antennae on your head. [demonic ancestry]
   829 | D:2      | Reached XP level 3. HP: 29/29 MP: 3/3
  1189 | D:2      | Reached XP level 4. HP: 18/36 MP: 4/4
  1262 | D:2      | Found a faded altar of an unknown god.
  1789 | D:3      | Killed from afar by an orc priest

Skill      XL: |  1  2  3 |
---------------+----------+-----
Long Blades    | 3 |  3.7
Dodging        | 2 |  2.3
Armour         | 2 |  2.5
Fighting       | |  3.7
Stealth        | |  0.2

Action                   |  1- 3 |  4- 6 || total
-------------------------+-------+-------++-------
Melee: Falchion          |   144 |    77 ||   221
  Use: Scroll            |     5 |     1 ||     6
       Potion            |     9 |       ||     9
  Eat: Chunk             |     1 |     2 ||     3
Armor: Animal skin       |    11 |       ||    11
       Scale mail        |    38 |    25 ||    63
       Leather armour    |       |     5 ||     5
Dodge: Dodged            |    92 |    48 ||   140
       Rpst.: Falchion   |    37 |    14 ||    51
